2385 views
Uploaded 2022-07-28 01:04:02
Game version 1.32.10
50:52 long 3on3 ladder game on (6)Monsoon_LV
Saved by GIGA
2385 views
Uploaded 2022-07-28 01:04:02
Game version 1.32.10
50:52 long 3on3 ladder game on (6)Monsoon_LV


153 units @ 16.3k
/ 2.7k
131 buildings @ 12.9k
/ 5.9k
DudeWhy
(236)
(50:34) : 


| Boots of Speed | 2 | 500 |
| total: | 2 | 500g |
| Peasant | 26 | 1950 | / | 0 |
| Mortar Team | 13 | 2340 | / | 910 |
| total: | 39 | 4290g | / | 910w |
| Scout Tower | 42 | 1260 | / | 840 |
| Arcane Tower | 6 | 420 | / | 300 |
| Guard Tower | 22 | 1540 | / | 1100 |
| Altar of Kings | 2 | 360 | / | 100 |
| Farm | 17 | 1360 | / | 340 |
| Lumber Mill | 1 | 120 | / | 0 |
| Town Hall | 3 | 1155 | / | 615 |
| Blacksmith | 1 | 140 | / | 60 |
| Workshop | 2 | 280 | / | 280 |
| Keep | 1 | 320 | / | 210 |
| Castle | 1 | 360 | / | 210 |
| total: | 68 | 4675g | / | 2235w |
| 0:04 | Peasant |
| 0:04 | Peasant |
| 0:14 | Peasant |
| 0:25 | Peasant |
| 0:25 | Peasant |
| 0:29 | Altar of Kings |
| 0:36 | Farm |
| 0:51 | Lumber Mill |
| 0:53 | Peasant |
| 0:53 | Peasant |
| 0:57 | Farm |
| 0:57 | Farm |
| 1:33 | Peasant |
| 1:33 | Peasant |
| 1:34 | Peasant |
| 1:37 | Scout Tower |
| 1:39 | Peasant |
| 1:39 | Peasant |
| 1:53 | Improved Lumber Harvesting |
| 2:04 | Arcane Tower |
| 2:05 | Peasant |
| 2:08 | Farm |
| 2:24 | Peasant |
| 2:29 | Storm Bolt |
| 2:51 | Peasant |
| 2:56 | Improved Masonry |
| 3:04 | Peasant |
| 3:10 | Scout Tower |
| 3:10 | Scout Tower |
| 3:11 | Scout Tower |
| 3:37 | Scout Tower |
| 3:37 | Scout Tower |
| 3:38 | Scout Tower |
| 3:38 | Scout Tower |
| 3:38 | Scout Tower |
| 3:44 | Town Hall |
| 3:59 | Town Hall |
| 4:04 | Peasant |
| 4:04 | Peasant |
| 4:08 | Guard Tower |
| 4:30 | Guard Tower |
| 4:33 | Scout Tower |
| 4:34 | Scout Tower |
| 4:38 | Guard Tower |
| 4:45 | Guard Tower |
| 4:53 | Guard Tower |
| 5:01 | Guard Tower |
| 5:05 | Scout Tower |
| 5:09 | Guard Tower |
| 5:45 | Peasant |
| 5:45 | Peasant |
| 5:52 | Scout Tower |
| 5:53 | Scout Tower |
| 6:02 | Guard Tower |
| 6:05 | Scout Tower |
| 6:13 | Peasant |
| 6:28 | Bash |
| 6:34 | Guard Tower |
| 6:36 | Scout Tower |
| 6:38 | Keep |
| 6:53 | Guard Tower |
| 7:46 | Scout Tower |
| 7:47 | Scout Tower |
| 7:47 | Scout Tower |
| 8:12 | Holy Light |
| 8:25 | Scout Tower |
| 8:42 | Guard Tower |
| 8:44 | Guard Tower |
| 8:45 | Scout Tower |
| 8:45 | Scout Tower |
| 9:10 | Guard Tower |
| 9:14 | Peasant |
| 9:14 | Peasant |
| 9:22 | Scout Tower |
| 9:38 | Guard Tower |
| 9:40 | Scout Tower |
| 9:40 | Scout Tower |
| 9:41 | Scout Tower |
| 9:41 | Scout Tower |
| 9:42 | Scout Tower |
| 9:48 | Scout Tower |
| 9:55 | Advanced Lumber Harvesting |
| 9:55 | Advanced Masonry |
| 10:00 | Holy Light |
| 10:46 | Scout Tower |
| 10:47 | Scout Tower |
| 10:49 | Guard Tower |
| 11:27 | Guard Tower |
| 11:29 | Scout Tower |
| 11:29 | Scout Tower |
| 11:29 | Scout Tower |
| 11:29 | Scout Tower |
| 11:30 | Scout Tower |
| 11:30 | Scout Tower |
| 11:44 | Castle |
| 11:48 | Blacksmith |
| 12:02 | Guard Tower |
| 12:34 | Arcane Tower |
| 12:39 | Scout Tower |
| 12:40 | Scout Tower |
| 12:40 | Scout Tower |
| 12:41 | Scout Tower |
| 13:11 | Workshop |
| 13:13 | Black Gunpowder |
| 13:17 | Workshop |
| 13:20 | Arcane Tower |
| 13:22 | Scout Tower |
| 14:08 | Imbued Masonry |
| 14:15 | Flare |
| 14:18 | Farm |
| 14:20 | Farm |
| 14:20 | Farm |
| 14:20 | Farm |
| 14:21 | Peasant |
| 14:21 | Peasant |
| 14:21 | Peasant |
| 14:25 | Arcane Tower |
| 14:28 | Farm |
| 14:30 | Farm |
| 14:30 | Farm |
| 14:32 | Farm |
| 14:33 | Farm |
| 14:36 | Fragmentation Shards |
| 14:37 | Mortar Team |
| 14:37 | Mortar Team |
| 15:24 | Refined Gunpowder |
| 15:56 | Mortar Team |
| 15:56 | Mortar Team |
| 16:34 | Mortar Team |
| 16:39 | Farm |
| 16:41 | Farm |
| 18:51 | Divine Shield |
| 18:52 | Divine Shield |
| 19:07 | Town Hall |
| 19:18 | Altar of Kings |
| 19:33 | Farm |
| 19:34 | Farm |
| 22:13 | Storm Bolt |
| 23:29 | Divine Shield |
| 25:36 | Mortar Team |
| 25:37 | Mortar Team |
| 25:39 | Imbued Gunpowder |
| 25:40 | Studded Leather Armor |
| 27:59 | Brilliance Aura |
| 34:24 | Mortar Team |
| 34:24 | Mortar Team |
| 34:34 | Bash |
| 34:35 | Holy Light |
| 36:40 | Mortar Team |
| 36:40 | Mortar Team |
| 39:39 | Blizzard |
| 44:13 | Boots of Speed |
| 44:13 | Boots of Speed |
| 44:45 | Reinforced Leather Armor |
| 46:22 | Mortar Team |
| 46:23 | Mortar Team |
| 49:35 | Storm Bolt |
| 49:37 | Divine Shield |
| Right click | 2130 |
| Select group | 1109 |
| Select | 619 |
| Use ability | 179 |
| Build/train/purchase | 151 |
| Misc. action | 112 |
| Resource trade | 62 |
| Assign group | 24 |
| Minimap ping | 9 |
| Esc | 5 |
| Chat | 4 |
| Item give/drop | 2 |


| Peasant | 12 | 900 | / | 0 |
| Flying Machine | 33 | 3300 | / | 990 |
| Dragonhawk Rider | 10 | 2000 | / | 300 |
| total: | 55 | 6200g | / | 1290w |
| Scout Tower | 15 | 450 | / | 300 |
| Arcane Tower | 1 | 70 | / | 50 |
| Guard Tower | 3 | 210 | / | 150 |
| Altar of Kings | 1 | 180 | / | 50 |
| Farm | 14 | 1120 | / | 280 |
| Lumber Mill | 1 | 120 | / | 0 |
| Blacksmith | 1 | 140 | / | 60 |
| Arcane Vault | 1 | 130 | / | 30 |
| Barracks | 1 | 160 | / | 60 |
| Cannon Tower | 1 | 120 | / | 100 |
| Workshop | 3 | 420 | / | 420 |
| Gryphon Aviary | 1 | 140 | / | 150 |
| Keep | 2 | 640 | / | 420 |
| Castle | 2 | 720 | / | 420 |
| total: | 38 | 2860g | / | 1350w |
| 0:02 | Peasant |
| 0:03 | Peasant |
| 0:09 | Altar of Kings |
| 0:12 | Farm |
| 0:13 | Farm |
| 0:15 | Peasant |
| 0:34 | Peasant |
| 0:54 | Scout Tower |
| 0:59 | Peasant |
| 0:59 | Peasant |
| 1:06 | Lumber Mill |
| 1:10 | Peasant |
| 1:23 | Farm |
| 1:29 | Peasant |
| 1:42 | Arcane Tower |
| 1:44 | Peasant |
| 2:09 | Improved Lumber Harvesting |
| 2:21 | Storm Bolt |
| 2:28 | Peasant |
| 2:28 | Peasant |
| 2:28 | Peasant |
| 2:58 | Keep |
| 4:09 | Blacksmith |
| 4:20 | Farm |
| 4:21 | Farm |
| 4:23 | Farm |
| 4:34 | Farm |
| 4:42 | Scout Tower |
| 4:43 | Scout Tower |
| 4:46 | Scout Tower |
| 4:46 | Scout Tower |
| 4:47 | Scout Tower |
| 4:54 | Improved Masonry |
| 5:00 | Farm |
| 5:01 | Farm |
| 5:01 | Farm |
| 5:02 | Farm |
| 5:02 | Farm |
| 5:09 | Scout Tower |
| 5:10 | Scout Tower |
| 5:11 | Scout Tower |
| 5:12 | Scout Tower |
| 5:12 | Scout Tower |
| 5:19 | Castle |
| 5:21 | Black Gunpowder |
| 5:50 | Workshop |
| 5:55 | Workshop |
| 5:58 | Workshop |
| 6:05 | Bash |
| 6:09 | Arcane Vault |
| 6:27 | Refined Gunpowder |
| 6:55 | Advanced Masonry |
| 7:01 | Flying Machine |
| 7:15 | Flying Machine |
| 7:22 | Gryphon Aviary |
| 7:27 | Flying Machine |
| 7:27 | Flying Machine |
| 7:34 | Guard Tower |
| 7:42 | Guard Tower |
| 7:52 | Cannon Tower |
| 8:26 | Imbued Gunpowder |
| 8:31 | Flying Machine Bombs |
| 8:32 | Flak Cannons |
| 8:34 | Flying Machine |
| 8:34 | Flying Machine |
| 8:34 | Flying Machine |
| 8:34 | Flying Machine |
| 8:35 | Flying Machine |
| 8:35 | Flying Machine |
| 8:53 | Cloud |
| 8:54 | Dragonhawk Rider |
| 8:54 | Dragonhawk Rider |
| 8:57 | Farm |
| 9:01 | Scout Tower |
| 9:03 | Scout Tower |
| 9:04 | Scout Tower |
| 9:04 | Scout Tower |
| 9:08 | Iron Plating |
| 9:10 | Imbued Masonry |
| 9:15 | Flying Machine |
| 9:36 | Flying Machine |
| 9:36 | Flying Machine |
| 9:36 | Flying Machine |
| 10:30 | Flying Machine |
| 10:30 | Flying Machine |
| 10:30 | Flying Machine |
| 10:30 | Flying Machine |
| 10:30 | Flying Machine |
| 10:31 | Flying Machine |
| 10:31 | Flying Machine |
| 10:31 | Flying Machine |
| 10:34 | Dragonhawk Rider |
| 10:34 | Dragonhawk Rider |
| 10:45 | Farm |
| 11:06 | Flying Machine |
| 11:25 | Guard Tower |
| 11:54 | Steel Plating |
| 15:13 | Divine Shield |
| 18:12 | Thunder Clap |
| 20:57 | Dragonhawk Rider |
| 20:57 | Dragonhawk Rider |
| 20:58 | Dragonhawk Rider |
| 21:18 | Holy Light |
| 28:04 | Flying Machine |
| 28:04 | Flying Machine |
| 28:04 | Flying Machine |
| 28:05 | Flying Machine |
| 28:05 | Flying Machine |
| 28:05 | Flying Machine |
| 28:05 | Flying Machine |
| 32:02 | Divine Shield |
| 38:30 | Dragonhawk Rider |
| 38:31 | Dragonhawk Rider |
| 38:31 | Dragonhawk Rider |
| 38:33 | Mithril Plating |
| 38:33 | Studded Leather Armor |
| 38:35 | Barracks |
| 38:49 | Storm Bolt |
| 42:13 | Flying Machine |
| 42:13 | Flying Machine |
| 42:14 | Flying Machine |
| 42:32 | Holy Light |
| 44:45 | Animal War Training |
| 44:47 | Reinforced Leather Armor |
| 48:32 | Storm Bolt |
| Select group | 3478 |
| Right click | 3297 |
| Select | 373 |
| Build/train/purchase | 116 |
| Chat | 41 |
| Use ability | 36 |
| Resource trade | 34 |
| Assign group | 22 |
| Minimap ping | 22 |
| Misc. action | 9 |
| Esc | 5 |
| Remove unit | 1 |
Cabeelibob
(194)
(50:33) : 
| Healing Salve | 2 | 200 |
| Lesser Clarity Potion | 2 | 140 |
| Orb of Lightning | 1 | 375 |
| Tiny Great Hall | 3 | 1800 |
| Staff of Teleportation | 1 | 150 |
| Boots of Speed | 1 | 250 |
| total: | 10 | 2915g |
| Peon | 41 | 3075 | / | 0 |
| Troll Witch Doctor | 16 | 2320 | / | 400 |
| Kodo Beast | 1 | 255 | / | 60 |
| Shaman | 1 | 130 | / | 20 |
| total: | 59 | 5780g | / | 480w |
| Watch Tower | 6 | 660 | / | 480 |
| Altar of Storms | 2 | 360 | / | 100 |
| Orc Burrow | 4 | 640 | / | 160 |
| War Mill | 3 | 615 | / | 0 |
| Great Hall | 7 | 2695 | / | 1295 |
| Voodoo Lounge | 1 | 130 | / | 30 |
| Spirit Lodge | 1 | 150 | / | 150 |
| Beastiary | 1 | 145 | / | 140 |
| Stronghold | 1 | 315 | / | 190 |
| Fortress | 1 | 325 | / | 190 |
| total: | 25 | 5395g | / | 2355w |
| 0:04 | Altar of Storms |
| 0:06 | Orc Burrow |
| 0:07 | Peon |
| 0:23 | Peon |
| 0:36 | Peon |
| 0:44 | Peon |
| 0:54 | Peon |
| 1:03 | Orc Burrow |
| 1:05 | Peon |
| 1:12 | Peon |
| 1:30 | War Mill |
| 1:40 | Peon |
| 1:45 | Peon |
| 2:08 | Wind Walk |
| 2:15 | Peon |
| 2:31 | Peon |
| 2:49 | Peon |
| 2:51 | Watch Tower |
| 3:02 | Peon |
| 3:04 | Spiked Barricades |
| 3:16 | Great Hall |
| 3:26 | Peon |
| 3:45 | War Mill |
| 3:49 | Peon |
| 4:10 | Watch Tower |
| 4:16 | Voodoo Lounge |
| 4:43 | Peon |
| 4:43 | Peon |
| 4:47 | Watch Tower |
| 4:51 | Watch Tower |
| 5:13 | Staff of Teleportation |
| 5:13 | Boots of Speed |
| 5:29 | War Mill |
| 5:35 | Watch Tower |
| 5:48 | Healing Salve |
| 6:06 | Stronghold |
| 7:10 | Watch Tower |
| 8:13 | Lesser Clarity Potion |
| 8:14 | Healing Salve |
| 8:26 | Fortress |
| 8:31 | Reinforced Defenses |
| 9:45 | Spirit Lodge |
| 11:16 | Critical Strike |
| 11:48 | Witch Doctor Adept Training |
| 12:50 | Witch Doctor Master Training |
| 13:10 | Orb of Lightning |
| 13:17 | Tiny Great Hall |
| 15:03 | Critical Strike |
| 16:47 | Great Hall |
| 18:41 | Wind Walk |
| 19:21 | Orc Burrow |
| 19:22 | Orc Burrow |
| 19:30 | Troll Witch Doctor |
| 20:07 | Troll Witch Doctor |
| 20:14 | Peon |
| 20:14 | Peon |
| 20:31 | Critical Strike |
| 20:34 | Troll Witch Doctor |
| 20:35 | Troll Witch Doctor |
| 20:44 | Peon |
| 20:44 | Peon |
| 25:28 | Shaman Adept Training |
| 25:37 | Beastiary |
| 25:41 | Troll Witch Doctor |
| 27:00 | War Drums Damage Increase |
| 27:00 | Kodo Beast |
| 27:28 | Bladestorm |
| 27:48 | Shaman Master Training |
| 27:48 | Shaman |
| 29:58 | Troll Witch Doctor |
| 29:58 | Troll Witch Doctor |
| 29:58 | Troll Witch Doctor |
| 29:59 | Troll Witch Doctor |
| 30:27 | Peon |
| 30:27 | Peon |
| 30:27 | Peon |
| 30:27 | Peon |
| 30:28 | Peon |
| 31:24 | Mirror Image |
| 33:06 | Altar of Storms |
| 35:28 | Troll Witch Doctor |
| 35:28 | Troll Witch Doctor |
| 37:29 | Tiny Great Hall |
| 39:16 | Troll Witch Doctor |
| 40:40 | Great Hall |
| 41:57 | Great Hall |
| 41:59 | Lesser Clarity Potion |
| 42:50 | Wind Walk |
| 42:55 | Troll Witch Doctor |
| 42:55 | Troll Witch Doctor |
| 42:55 | Troll Witch Doctor |
| 42:55 | Troll Witch Doctor |
| 44:56 | Peon |
| 44:56 | Peon |
| 44:56 | Peon |
| 44:56 | Peon |
| 45:21 | Tiny Great Hall |
| 45:44 | Great Hall |
| 45:49 | Great Hall |
| 46:34 | Peon |
| 46:34 | Peon |
| 46:34 | Peon |
| 46:34 | Peon |
| 46:36 | Peon |
| 48:21 | Peon |
| 48:21 | Peon |
| 48:23 | Peon |
| 48:24 | Peon |
| 48:24 | Peon |
| 48:24 | Peon |
| 48:30 | Great Hall |
| 50:00 | Mirror Image |
| Right click | 1806 |
| Select | 271 |
| Build/train/purchase | 169 |
| Select group | 154 |
| Misc. action | 140 |
| Chat | 98 |
| Resource trade | 62 |
| Use ability | 36 |
| Item give/drop | 8 |
| Minimap ping | 6 |
| Assign group | 4 |
| Remove unit | 4 |
| Esc | 1 |
194 units @ 24.3k
/ 3.5k
170 buildings @ 25.6k
/ 11.4k


| Lesser Clarity Potion | 3 | 210 |
| Healing Salve | 1 | 100 |
| Potion of Mana | 3 | 600 |
| Scroll of Healing | 1 | 250 |
| Dust of Appearance | 1 | 75 |
| Scroll of Town Portal | 2 | 700 |
| Potion of Lesser Invulnerability | 1 | 150 |
| Scroll of Protection | 1 | 150 |
| Periapt of Vitality | 1 | 325 |
| total: | 14 | 2560g |
| Peon | 18 | 1350 | / | 0 |
| Troll Headhunter | 10 | 1400 | / | 200 |
| Troll Witch Doctor | 1 | 145 | / | 25 |
| Shaman | 2 | 260 | / | 40 |
| Troll Berserker | 3 | 420 | / | 60 |
| Gnoll Warden | 1 | 215 | / | 20 |
| Gnoll Brute | 1 | 215 | / | 20 |
| total: | 36 | 4005g | / | 365w |
| Watch Tower | 6 | 660 | / | 480 |
| Altar of Storms | 1 | 180 | / | 50 |
| Orc Burrow | 12 | 1920 | / | 480 |
| War Mill | 3 | 615 | / | 0 |
| Barracks | 2 | 360 | / | 100 |
| Voodoo Lounge | 1 | 130 | / | 30 |
| Great Hall | 3 | 1155 | / | 555 |
| Spirit Lodge | 2 | 300 | / | 300 |
| Beastiary | 1 | 145 | / | 140 |
| Stronghold | 1 | 315 | / | 190 |
| Fortress | 1 | 325 | / | 190 |
| total: | 31 | 5465g | / | 2135w |
| 0:02 | Peon |
| 0:02 | Peon |
| 0:09 | Altar of Storms |
| 0:18 | Orc Burrow |
| 0:20 | Peon |
| 0:48 | Peon |
| 0:48 | Peon |
| 0:58 | War Mill |
| 1:05 | Peon |
| 1:22 | Barracks |
| 1:30 | Peon |
| 1:51 | Orc Burrow |
| 2:08 | Voodoo Lounge |
| 2:10 | Serpent Ward |
| 2:23 | Troll Headhunter |
| 2:23 | Troll Headhunter |
| 3:03 | Watch Tower |
| 3:12 | Troll Headhunter |
| 3:12 | Troll Headhunter |
| 3:32 | Lesser Clarity Potion |
| 3:32 | Healing Salve |
| 3:45 | Troll Headhunter |
| 3:48 | Troll Headhunter |
| 4:24 | Healing Wave |
| 4:39 | Watch Tower |
| 4:47 | Stronghold |
| 4:54 | Watch Tower |
| 4:59 | Watch Tower |
| 5:11 | Troll Headhunter |
| 5:15 | Troll Headhunter |
| 6:56 | Great Hall |
| 7:07 | Watch Tower |
| 7:12 | Lesser Clarity Potion |
| 7:17 | Potion of Mana |
| 8:44 | Hex |
| 9:30 | Fortress |
| 9:44 | Spirit Lodge |
| 9:48 | Spirit Lodge |
| 9:52 | Peon |
| 9:52 | Peon |
| 9:56 | Troll Headhunter |
| 9:58 | Troll Headhunter |
| 10:03 | Orc Burrow |
| 10:30 | Steel Armor |
| 10:45 | Cleaving Attack |
| 11:07 | Shaman Adept Training |
| 11:08 | Witch Doctor Adept Training |
| 11:41 | Troll Witch Doctor |
| 11:41 | Shaman |
| 11:52 | Peon |
| 12:11 | Potion of Lesser Invulnerability |
| 12:12 | Scroll of Protection |
| 12:14 | Periapt of Vitality |
| 12:15 | Scroll of Healing |
| 12:18 | Dust of Appearance |
| 12:29 | Shaman Master Training |
| 12:32 | Shaman |
| 12:38 | Peon |
| 12:44 | Berserker Upgrade |
| 13:10 | Steel Ranged Weapons |
| 13:45 | Rain of Fire |
| 14:18 | Healing Wave |
| 14:38 | Troll Berserker |
| 14:38 | Troll Berserker |
| 14:43 | Watch Tower |
| 14:48 | Troll Berserker |
| 14:51 | Witch Doctor Master Training |
| 14:55 | Orc Burrow |
| 15:31 | Beastiary |
| 17:48 | Great Hall |
| 18:26 | Orc Burrow |
| 18:28 | Orc Burrow |
| 18:49 | Potion of Mana |
| 18:53 | Lesser Clarity Potion |
| 18:55 | Scroll of Town Portal |
| 19:27 | Orc Burrow |
| 20:56 | Barracks |
| 20:59 | Orc Burrow |
| 21:31 | Orc Burrow |
| 23:23 | Peon |
| 24:40 | Orc Burrow |
| 24:50 | Great Hall |
| 24:57 | Potion of Mana |
| 25:22 | Scroll of Town Portal |
| 25:44 | War Mill |
| 27:32 | Peon |
| 27:34 | Peon |
| 28:15 | Peon |
| 28:15 | Peon |
| 28:17 | Peon |
| 29:06 | Peon |
| 29:58 | Gnoll Warden |
| 30:00 | Gnoll Brute |
| 30:35 | Orc Burrow |
| 30:38 | Orc Burrow |
| 31:22 | Hex |
| 36:51 | War Mill |
| 42:39 | Big Bad Voodoo |
| Right click | 4229 |
| Select | 414 |
| Build/train/purchase | 90 |
| Use ability | 90 |
| Resource trade | 61 |
| Assign group | 51 |
| Minimap ping | 21 |
| Chat | 18 |
| Select group | 11 |
| Item give/drop | 1 |
| Remove unit | 1 |


| Lesser Clarity Potion | 2 | 140 |
| Scroll of Regeneration | 7 | 700 |
| Potion of Healing | 1 | 150 |
| Potion of Mana | 1 | 200 |
| Scroll of Town Portal | 3 | 1050 |
| total: | 14 | 2240g |
| Peasant | 30 | 2250 | / | 0 |
| Footman | 2 | 270 | / | 0 |
| Rifleman | 25 | 5125 | / | 750 |
| Mortar Team | 6 | 1080 | / | 420 |
| Siege Engine | 10 | 1950 | / | 600 |
| total: | 73 | 10675g | / | 1770w |
| Scout Tower | 25 | 750 | / | 500 |
| Arcane Tower | 1 | 70 | / | 50 |
| Guard Tower | 17 | 1190 | / | 850 |
| Farm | 33 | 2640 | / | 660 |
| Barracks | 5 | 800 | / | 300 |
| Altar of Kings | 2 | 360 | / | 100 |
| Blacksmith | 3 | 420 | / | 180 |
| Arcane Vault | 3 | 390 | / | 90 |
| Lumber Mill | 3 | 360 | / | 0 |
| Town Hall | 10 | 3850 | / | 2050 |
| Workshop | 5 | 700 | / | 700 |
| Keep | 3 | 960 | / | 630 |
| Castle | 1 | 360 | / | 210 |
| total: | 89 | 10270g | / | 4580w |
| 0:03 | Peasant |
| 0:03 | Peasant |
| 0:11 | Farm |
| 0:17 | Barracks |
| 0:28 | Altar of Kings |
| 0:31 | Peasant |
| 0:40 | Peasant |
| 0:55 | Farm |
| 1:05 | Peasant |
| 1:08 | Scout Tower |
| 1:20 | Footman |
| 1:28 | Peasant |
| 1:40 | Footman |
| 1:55 | Blacksmith |
| 2:09 | Arcane Vault |
| 2:21 | Lumber Mill |
| 2:28 | Peasant |
| 2:30 | Holy Light |
| 2:44 | Arcane Tower |
| 2:47 | Farm |
| 3:06 | Rifleman |
| 3:24 | Rifleman |
| 3:34 | Improved Lumber Harvesting |
| 3:55 | Divine Shield |
| 3:57 | Rifleman |
| 4:11 | Farm |
| 4:18 | Lesser Clarity Potion |
| 4:51 | Peasant |
| 4:51 | Peasant |
| 4:51 | Peasant |
| 4:52 | Peasant |
| 4:52 | Peasant |
| 5:00 | Barracks |
| 5:37 | Town Hall |
| 5:41 | Town Hall |
| 5:50 | Lesser Clarity Potion |
| 5:51 | Scroll of Regeneration |
| 6:08 | Keep |
| 6:12 | Farm |
| 6:23 | Black Gunpowder |
| 6:48 | Scout Tower |
| 6:53 | Rifleman |
| 6:54 | Rifleman |
| 6:57 | Farm |
| 7:09 | Studded Leather Armor |
| 7:14 | Guard Tower |
| 7:39 | Holy Light |
| 7:58 | Rifleman |
| 7:58 | Rifleman |
| 8:02 | Farm |
| 8:05 | Improved Masonry |
| 8:36 | Long Rifles |
| 8:40 | Devotion Aura |
| 8:48 | Farm |
| 8:52 | Advanced Lumber Harvesting |
| 8:54 | Peasant |
| 8:54 | Peasant |
| 9:12 | Refined Gunpowder |
| 9:44 | Farm |
| 9:47 | Workshop |
| 10:02 | Storm Bolt |
| 10:27 | Workshop |
| 10:36 | Rifleman |
| 10:37 | Rifleman |
| 10:41 | Farm |
| 11:10 | Mortar Team |
| 11:42 | Mortar Team |
| 11:42 | Mortar Team |
| 11:44 | Thunder Clap |
| 12:00 | Farm |
| 12:02 | Reinforced Leather Armor |
| 12:04 | Peasant |
| 12:04 | Peasant |
| 12:17 | Holy Light |
| 12:45 | Mortar Team |
| 12:49 | Scout Tower |
| 12:52 | Scout Tower |
| 12:55 | Scout Tower |
| 12:59 | Scout Tower |
| 13:02 | Scout Tower |
| 13:04 | Advanced Masonry |
| 13:09 | Scout Tower |
| 13:12 | Scout Tower |
| 13:24 | Guard Tower |
| 13:27 | Guard Tower |
| 14:55 | Town Hall |
| 16:03 | Town Hall |
| 16:08 | Storm Bolt |
| 16:21 | Peasant |
| 16:21 | Peasant |
| 16:22 | Peasant |
| 16:22 | Peasant |
| 16:26 | Town Hall |
| 16:33 | Lumber Mill |
| 17:25 | Rifleman |
| 19:08 | Barracks |
| 19:11 | Barracks |
| 19:30 | Scout Tower |
| 19:32 | Farm |
| 19:35 | Scout Tower |
| 19:38 | Farm |
| 19:44 | Scout Tower |
| 19:47 | Scout Tower |
| 19:52 | Scout Tower |
| 19:56 | Scout Tower |
| 19:59 | Scout Tower |
| 20:02 | Guard Tower |
| 20:11 | Arcane Vault |
| 20:15 | Guard Tower |
| 20:17 | Guard Tower |
| 20:20 | Guard Tower |
| 20:45 | Blacksmith |
| 20:59 | Farm |
| 21:15 | Farm |
| 21:18 | Scroll of Regeneration |
| 21:23 | Guard Tower |
| 21:55 | Town Hall |
| 22:11 | Scout Tower |
| 22:14 | Scroll of Regeneration |
| 22:25 | Farm |
| 22:28 | Farm |
| 22:30 | Farm |
| 23:17 | Scroll of Regeneration |
| 23:21 | Rifleman |
| 23:22 | Rifleman |
| 23:24 | Farm |
| 23:30 | Peasant |
| 23:30 | Peasant |
| 23:34 | Guard Tower |
| 23:38 | Scout Tower |
| 23:45 | Rifleman |
| 23:45 | Rifleman |
| 24:52 | Rifleman |
| 24:52 | Rifleman |
| 25:28 | Keep |
| 25:30 | Guard Tower |
| 25:43 | Rifleman |
| 25:43 | Rifleman |
| 26:01 | Farm |
| 26:32 | Town Hall |
| 26:46 | Scroll of Town Portal |
| 26:46 | Scroll of Town Portal |
| 26:57 | Scout Tower |
| 27:02 | Scout Tower |
| 27:06 | Scout Tower |
| 27:16 | Scout Tower |
| 27:18 | Scout Tower |
| 27:35 | Guard Tower |
| 27:36 | Guard Tower |
| 27:37 | Guard Tower |
| 28:04 | Keep |
| 28:13 | Rifleman |
| 28:14 | Rifleman |
| 28:30 | Guard Tower |
| 29:22 | Guard Tower |
| 30:05 | Town Hall |
| 30:33 | Rifleman |
| 30:33 | Rifleman |
| 32:05 | Peasant |
| 32:05 | Peasant |
| 32:06 | Peasant |
| 32:06 | Peasant |
| 32:48 | Town Hall |
| 33:18 | Farm |
| 33:21 | Farm |
| 33:57 | Altar of Kings |
| 34:06 | Arcane Vault |
| 34:56 | Scroll of Regeneration |
| 34:58 | Scroll of Town Portal |
| 34:59 | Potion of Healing |
| 35:00 | Potion of Mana |
| 35:03 | Scroll of Regeneration |
| 35:09 | Blacksmith |
| 35:13 | Barracks |
| 36:31 | Farm |
| 36:32 | Farm |
| 36:34 | Farm |
| 36:36 | Farm |
| 36:38 | Farm |
| 36:40 | Farm |
| 38:10 | Workshop |
| 38:40 | Workshop |
| 38:59 | Workshop |
| 39:38 | Castle |
| 39:44 | Town Hall |
| 39:47 | Resurrection |
| 40:37 | Farm |
| 42:02 | Barrage |
| 42:02 | Siege Engine |
| 42:03 | Siege Engine |
| 42:04 | Siege Engine |
| 42:42 | Siege Engine |
| 43:03 | Siege Engine |
| 43:07 | Farm |
| 44:02 | Peasant |
| 44:02 | Peasant |
| 44:03 | Peasant |
| 44:03 | Peasant |
| 44:29 | Siege Engine |
| 44:29 | Siege Engine |
| 45:04 | Farm |
| 45:17 | Farm |
| 45:28 | Siege Engine |
| 45:59 | Lumber Mill |
| 46:18 | Siege Engine |
| 46:34 | Rifleman |
| 46:37 | Farm |
| 46:49 | Scout Tower |
| 46:54 | Scout Tower |
| 47:03 | Guard Tower |
| 48:08 | Rifleman |
| 48:10 | Siege Engine |
| 48:22 | Guard Tower |
| 48:55 | Rifleman |
| 48:57 | Mortar Team |
| 48:58 | Fragmentation Shards |
| 48:58 | Mortar Team |
| 49:19 | Scroll of Regeneration |
| Right click | 2200 |
| Select | 1748 |
| Select group | 1028 |
| Build/train/purchase | 165 |
| Assign group | 59 |
| Use ability | 48 |
| Resource trade | 13 |
| Minimap ping | 11 |
| Misc. action | 5 |
| Item give/drop | 4 |
| Esc | 1 |


| Lesser Clarity Potion | 1 | 70 |
| Orb of Venom | 1 | 325 |
| Potion of Healing | 1 | 150 |
| Dust of Appearance | 2 | 150 |
| Scroll of Healing | 1 | 250 |
| Scroll of Town Portal | 6 | 2100 |
| total: | 12 | 3045g |
| Wisp | 47 | 2820 | / | 0 |
| Archer | 20 | 2600 | / | 200 |
| Chimaera | 7 | 2310 | / | 490 |
| Dryad | 7 | 1015 | / | 420 |
| Glaive Thrower | 4 | 840 | / | 260 |
| total: | 85 | 9585g | / | 1370w |
| Ancient Protector | 11 | 1485 | / | 880 |
| Altar of Elders | 5 | 900 | / | 250 |
| Moon Well | 11 | 1980 | / | 440 |
| Ancient of War | 5 | 750 | / | 300 |
| Ancient of Wonders | 2 | 180 | / | 60 |
| Hunter's Hall | 2 | 420 | / | 200 |
| Tree of Life | 11 | 3740 | / | 2035 |
| Ancient of Lore | 1 | 155 | / | 145 |
| Chimaera Roost | 2 | 280 | / | 380 |
| Tree of Ages | 4 | 1280 | / | 720 |
| Tree of Eternity | 2 | 660 | / | 400 |
| total: | 50 | 9890g | / | 4690w |
| 0:03 | Wisp |
| 0:03 | Wisp |
| 0:09 | Altar of Elders |
| 0:19 | Moon Well |
| 0:21 | Wisp |
| 0:33 | Ancient of War |
| 0:35 | Ancient of War |
| 0:39 | Wisp |
| 0:41 | Wisp |
| 0:41 | Wisp |
| 0:49 | Wisp |
| 1:01 | Wisp |
| 1:29 | Moon Well |
| 1:33 | Wisp |
| 1:37 | Archer |
| 1:41 | Wisp |
| 1:57 | Ancient of Wonders |
| 2:00 | Wisp |
| 2:01 | Wisp |
| 2:08 | Force of Nature |
| 2:21 | Archer |
| 2:23 | Archer |
| 2:23 | Archer |
| 3:03 | Tree of Ages |
| 3:08 | Archer |
| 3:23 | Entangling Roots |
| 3:27 | Archer |
| 3:40 | Hunter's Hall |
| 4:08 | Moon Well |
| 4:46 | Strength of the Moon |
| 5:21 | Force of Nature |
| 5:30 | Improved Bows |
| 5:38 | Tree of Eternity |
| 5:57 | Tree of Life |
| 6:04 | Archer |
| 6:09 | Moon Armor |
| 6:14 | Moon Well |
| 6:21 | Ancient Protector |
| 6:37 | Trueshot Aura |
| 6:46 | Moon Well |
| 6:57 | Lesser Clarity Potion |
| 6:58 | Dust of Appearance |
| 7:10 | Moon Well |
| 7:13 | Strength of the Wild |
| 7:26 | Ancient Protector |
| 8:01 | Wisp |
| 8:01 | Orb of Venom |
| 8:11 | Wisp |
| 8:14 | Wisp |
| 8:14 | Wisp |
| 8:16 | Wisp |
| 8:31 | Chimaera Roost |
| 8:41 | Wisp |
| 8:59 | Wisp |
| 9:00 | Wisp |
| 9:02 | Marksmanship |
| 9:17 | Scroll of Healing |
| 9:43 | Wisp |
| 9:47 | Chimaera Roost |
| 10:03 | Searing Arrows |
| 10:12 | Entangling Roots |
| 10:26 | Corrosive Breath |
| 10:33 | Moon Well |
| 10:53 | Archer |
| 10:55 | Archer |
| 11:26 | Archer |
| 11:29 | Ancient of Lore |
| 11:31 | Scroll of Town Portal |
| 11:48 | Chimaera |
| 11:52 | Archer |
| 12:08 | Chimaera |
| 12:59 | Dryad |
| 12:59 | Dryad |
| 13:07 | Moon Well |
| 13:14 | Tree of Life |
| 13:19 | Hunter's Hall |
| 13:49 | Wisp |
| 13:49 | Wisp |
| 13:57 | Ancient of War |
| 14:08 | Ancient of Wonders |
| 14:48 | Ancient Protector |
| 14:49 | Ancient Protector |
| 14:56 | Ancient Protector |
| 14:59 | Ancient Protector |
| 15:02 | Ancient Protector |
| 15:06 | Tree of Ages |
| 15:30 | Wisp |
| 15:30 | Wisp |
| 16:07 | Trueshot Aura |
| 16:46 | Reinforced Hides |
| 17:36 | Chimaera |
| 17:39 | Improved Strength of the Wild |
| 17:42 | Nature's Blessing |
| 18:28 | Wisp |
| 19:09 | Wisp |
| 19:17 | Ancient Protector |
| 19:22 | Chimaera |
| 20:40 | Searing Arrows |
| 20:55 | Tree of Ages |
| 21:00 | Tree of Life |
| 21:03 | Ancient Protector |
| 21:06 | Ancient Protector |
| 21:39 | Entangling Roots |
| 21:40 | Scroll of Town Portal |
| 21:44 | Dryad |
| 21:47 | Archer |
| 21:55 | Ancient Protector |
| 22:06 | Tree of Life |
| 22:40 | Ultravision |
| 23:08 | Moon Well |
| 23:17 | Wisp |
| 23:17 | Wisp |
| 23:32 | Moon Well |
| 24:09 | Wisp |
| 25:33 | Tree of Life |
| 25:37 | Vorpal Blades |
| 25:42 | Ancient of War |
| 25:51 | Improved Strength of the Moon |
| 26:29 | Tree of Life |
| 27:09 | Wisp |
| 27:10 | Wisp |
| 27:16 | Altar of Elders |
| 27:18 | Altar of Elders |
| 27:21 | Wisp |
| 27:21 | Wisp |
| 27:21 | Wisp |
| 27:22 | Wisp |
| 27:36 | Scroll of Town Portal |
| 27:52 | Ancient of War |
| 27:55 | Wisp |
| 28:19 | Glaive Thrower |
| 28:26 | Moon Well |
| 28:47 | Wisp |
| 28:47 | Wisp |
| 28:47 | Wisp |
| 28:48 | Wisp |
| 28:48 | Wisp |
| 29:07 | Glaive Thrower |
| 30:24 | Glaive Thrower |
| 30:45 | Dryad |
| 31:03 | Chimaera |
| 31:11 | Improved Reinforced Hides |
| 31:13 | Improved Moon Armor |
| 33:07 | Chimaera |
| 33:10 | Glaive Thrower |
| 34:27 | Archer |
| 34:28 | Dryad |
| 34:30 | Archer |
| 34:48 | Scroll of Town Portal |
| 34:53 | Tree of Eternity |
| 34:55 | Advanced Moon Armor |
| 34:58 | Dryad |
| 36:07 | Tranquility |
| 36:08 | Trueshot Aura |
| 37:16 | Scroll of Town Portal |
| 37:23 | Tree of Life |
| 37:25 | Dryad |
| 37:26 | Archer |
| 37:27 | Archer |
| 37:30 | Archer |
| 37:30 | Archer |
| 38:27 | Chimaera |
| 39:04 | Tree of Life |
| 39:56 | Scroll of Town Portal |
| 39:58 | Dust of Appearance |
| 39:59 | Potion of Healing |
| 41:25 | Tree of Life |
| 41:48 | Archer |
| 41:50 | Archer |
| 42:04 | Tree of Life |
| 42:10 | Tree of Life |
| 43:18 | Altar of Elders |
| 44:50 | Wisp |
| 45:23 | Wisp |
| 45:23 | Wisp |
| 45:23 | Wisp |
| 45:27 | Altar of Elders |
| 45:34 | Wisp |
| Right click | 1606 |
| Select group | 1111 |
| Select | 634 |
| Misc. action | 423 |
| Build/train/purchase | 153 |
| Use ability | 76 |
| Assign group | 63 |
| Esc | 18 |
| Resource trade | 17 |
| Item give/drop | 7 |